 Dungeon Crawl Stone Soup version 0.24.0-1-gfbc8707 (webtiles) character file.

Game seed: 13190749649203905236, levelgen mode: deterministic

42 Buxparty the Sneak (level 3, 0/18 HPs)
             Began as a Spriggan Assassin on Jan 1, 2020.
             Slain by a quokka (3 damage)
             ... on level 2 of the Dungeon.
             The game lasted 00:01:57 (806 turns).

Buxparty the Sneak (Spriggan Assassin)               Turns: 806, Time: 00:01:58

Health: 0/18       AC:  3    Str:  8    XL:     3   Next: 33%
Magic:  4/4        EV: 18    Int: 12    God:
Gold:   77         SH:  0    Dex: 17    Spells: 2/2 levels left

rFire    . . .     SeeInvis +   a - +2 dagger
rCold    . . .     Gourm    .   (shield restricted)
rNeg     . . .     Faith    .   b - +0 robe
rPois    .         Spirit   .   (helmet restricted)
rElec    .         Reflect  .   c - +0 cloak
rCorr    .         Harm     .   (gloves unavailable)
MR       .....                  (boots unavailable)
Stlth    ++++......             (no amulet)
HPRegen  0.06/turn              g - ring of stealth
MPRegen  0.09/turn              (no ring)

@: very quick
A: very small, unfitting armour, see invisible, herbivore, speed 3, slow
metabolism 2
a: no special abilities


You were on level 2 of the Dungeon.
You were full.

You visited 1 branch of the dungeon, and saw 2 of its levels.

You collected 77 gold pieces.

Inventory:

Hand Weapons
 a - a +2 dagger (weapon)
 i - a +0 hunting sling
Missiles
 d - 8 poisoned darts (quivered)
 e - 2 curare-tipped darts
 h - 61 arrows
 j - 38 sling bullets
Armour
 b - a +0 robe (worn)
 c - a +0 cloak (worn)
Jewellery
 g - a ring of stealth (left hand)
Scrolls
 k - a scroll of magic mapping {unknown}
Comestibles
 f - a ration


   Skills:
 - Level 1.5 Fighting
 + Level 3.0 Short Blades
 - Level 2.0 Throwing
 + Level 3.0 Dodging
 + Level 6.5 Stealth


You had 2 spell levels left.
You didn't know any spells.
Your spell library was empty.

Dungeon Overview and Level Annotations

Branches:
Dungeon (2/15)

Altars:
Ashenzari
Ru
Vehumet
Xom
The Shining One


Innate Abilities, Weirdness & Mutations

You are very small and have problems with some larger weapons.
You are too small for most types of armour.
You have supernaturally acute eyesight. (SInv)
You are a herbivore.
You cover ground extremely quickly.
You need to consume almost no food.


Message History

Your Short Blades skill increases to level 3!
Your Dodging skill increases to level 3!
The quokka completely misses you. The gnoll closely misses you.
The quokka closely misses you.
Things that are here:
a +0 flail; a gnoll corpse You hit the worm.
The worm is lightly wounded.
You barely miss the worm.
The worm is lightly wounded.
The gnoll barely misses you. The quokka misses you. The worm misses you.
You hit the worm but do no damage.
The worm is lightly wounded.
The quokka misses you.
The gnoll hits you from afar with a +2 spear of piercing.
* * * LOW HITPOINT WARNING * * *
x2 You hit the worm.
The worm is moderately wounded.
The quokka bites you.
You die...

... ##...## ....
#..... #..# ##.#.#
#...###....
.g.......# ###
#.....# ...
...####.).# ..#.#
#.....<#.######.....#
#.$.####....r@w..#
#.. #....g###### #.
#......# # #..###...
....# ##.# ..#### ..#
... ... (# ##


You could see a worm, a gnoll and a quokka.

Vanquished Creatures
  3 gnolls (D:2)
  A dart slug (D:1)
  A leopard gecko (D:1)
  A bat (D:1)
  A hobgoblin (D:1)
  A ball python (D:1)
  2 frilled lizards (D:1)
  4 rats (D:1)
14 creatures vanquished.

Notes
Turn   | Place    | Note
-------+----------+-------------------------------------------
     0 | D:1      | Buxparty the Spriggan Assassin began the quest for the Orb.
     0 | D:1      | Reached XP level 1. HP: 10/10 MP: 2/2
   170 | D:1      | Reached skill level 6 in Stealth
   294 | D:1      | Reached XP level 2. HP: 14/14 MP: 3/3
   745 | D:1      | Found a shimmering blue altar of Sif Muna.
   747 | D:1      | Found a radiant altar of Vehumet.
   747 | D:1      | Found a shimmering altar of Xom.
   749 | D:1      | Found a glowing golden altar of the Shining One.
   749 | D:1      | Found a sacrificial altar of Ru.
   749 | D:1      | Found a shattered altar of Ashenzari.
   793 | D:2      | Reached XP level 3. HP: 18/18 MP: 4/4
   806 | D:2      | Slain by a quokka

Levels and vault maps discovered:
D:1:      nzn_arrival_settlement, layout_basic, doesnt_xom_only_xom
D:2:      minmay_razor_zed, layout_rooms

Skill      XL: |  1  2  3 |
---------------+----------+-----
Stealth        | 6 |  6.5
Dodging        | 2 3 |  3.0
Short Blades   | 3 |  3.0
Fighting       | |  1.5
Throwing       | |  2.0

Action                   || total
-------------------------++-------
Melee: Dagger            ||    29
 Stab: Sleeping          ||     8
  Eat: Ration            ||     1
Armor: Robe              ||     1
Dodge: Dodged            ||    25
